 Dungeon Crawl Stone Soup version 0.31-a0-204-g7da18cac08 (webtiles) character file.

Game seed: 8627998655543891386

285 innerfire43 the Trooper (level 6, -1/73 HPs)
             Began as a Demonspawn Monk on June 27, 2023.
             Slain by Sigmund
             ... wielding a +0 scythe
              (8 damage)
             ... on level 4 of the Dungeon.
             The game lasted 00:05:14 (3495 turns).

innerfire43 the Trooper (Demonspawn Monk)           Turns: 3495, Time: 00:05:15

Health: -1/73      AC: 23    Str: 14    XL:     6   Next: 7%
Magic:  6/6        EV:  2    Int: 11    God:
Gold:   117        SH:  0    Dex: 15    Spells: 5/5 levels left

rFire   . . .        a - +0 hand axe
rCold   . . .        d - orb {light}
rNeg    . . .        p - melded +2 ring mail {rC+}
rPois   +            (helmet currently unavailable)
rElec   .            (cloak currently unavailable)
rCorr   .            h - melded +0 pair of gloves
SInv    .            (boots currently unavailable)
Will    .....        (no amulet)
Stlth   +            (no ring)
HPRegen 0.32/turn    (no ring)
MPRegen 0.10/turn

%: no passive effects
@: tree-form, glowing
A: stationary, stasis, torment immunity, boosted hp, (hooves 1), (horns 2)
a: no special abilities


You were on level 4 of the Dungeon.
You were a tree.
You visited 1 branch of the dungeon, and saw 4 of its levels.

You collected 117 gold pieces.

Inventory:

Hand Weapons
 a - a +0 hand axe (weapon)
 k - a +0 short sword of draining
 l - a +2 vampiric dagger
Missiles
 o - a throwing net
Armour
 b - a +0 robe
 d - an orb of light (worn)
 g - a +0 helmet
 h - a +0 pair of gloves (melded)
 p - a +2 ring mail of cold resistance (melded)
Scrolls
 j - a scroll of identify
 m - 2 scrolls of enchant weapon
Potions
 n - a potion of enlightenment


   Skills:
 + Level 4.6 Fighting
 + Level 4.1 Axes
 + Level 4.2 Dodging


You had 5 spell levels left.
You didn't know any spells.
Your spell library contained the following spells:

 Spells                   Type           Power      Damage    Failure   Level
 Call Canine Familiar     Summ           0%         N/A       71%         3
 Portal Projectile        Hex/Tloc       0%         N/A       71%         3
 Leda's Liquefaction      Hex/Erth       0%         N/A       98%         4


Dungeon Overview and Level Annotations

Branches:
Dungeon (4/15)
 Temple: D:4-7

Altars:

Shops:
D:2 (

Annotations:
D:4 Sigmund


Innate Abilities, Weirdness & Mutations

You are a tree.
Your roots penetrate the ground, keeping you stationary.
You cannot be teleported.
You are immune to unholy pain and torment.
Your maximum health is greatly increased.
Your equipment is partially melded.
((You have large cloven feet.))
((You have a pair of horns on your head.))


Message History

The orc hits you but does no damage.
It was a potion of heal wounds.
You feel much better.
The orc priest hits you from afar with a +0 trident.
The orc hits you but does no damage. Sigmund hits you but does no damage.
You hit the orc.
The orc is almost dead.
The orc hits you but does no damage.
The orc priest begins to cast a cantrip, but forgets the words!
Sigmund hits you but does no damage. The orc hits you but does no damage.
The orc priest hits you but does no damage.
You hit the orc.
You kill the orc!
The orc priest hits you but does no damage.
Sigmund hits you from afar with a +0 scythe.
You cannot move.
Okay, then.
You don't know any spells.
As you read the scroll labelled CUPPUEQ LIUWE, it crumbles to dust.
You feel a strange sense of stasis.
It was a scroll of teleportation.
Your enlightenment fades.
The orc priest hits you but does no damage.
As you read the scroll labelled JEPARPHIOJO, it crumbles to dust.
It is a scroll of identify.
m - 2 scrolls of enchant weapon Sigmund hits you from afar with a +0 scythe!
The orc priest hits you from afar with a +0 trident.
* * * LOW HITPOINT WARNING * * *
As you read the scroll labelled LIUTSUNTUV, it crumbles to dust.
The creatures around you are filled with an inner flame!
It was a scroll of immolation.
The orc priest hits you but does no damage.
Sigmund hits you but does no damage.
The orc priest hits you but does no damage.
Sigmund hits you but does no damage.
The orc priest hits you but does no damage.
The orc priest mumbles some strange prayers to Beogh against you.
Beogh smites you!
* * * LOW HITPOINT WARNING * * *
Sigmund hits you from afar with a +0 scythe!
You die...

#### . ...##.. $......
.......
###########)......
#...#...)......)......
#...#..)o......)......
#...#..))@............
#...##.♣)....##.......
#...###)###### .......
#....#.......# .......
#....#.......# ...##..
#)...'.......# ...# ..
#...########## .#
#.).##......
#...........
#...<.......


You could see Sigmund (inner flame) and an orc priest (inner flame).

Vanquished Creatures
  2 orc priests (D:3)
  An orc wizard (D:4)
  8 adders
  An ufetubus (D:4)
  2 dart slugs
  2 worms
  9 orcs
  5 bats
  9 endoplasms
  7 giant cockroaches
  11 hobgoblins
  6 jackals
  10 kobolds
  2 quokkas
  8 ball pythons
  2 frilled lizards
  14 goblins
  A rat (D:1)
100 creatures vanquished.

Notes
Turn   | Place    | Note
-------+----------+-------------------------------------------
     0 | D:1      | innerfire43 the Demonspawn Monk began the quest for the
                  | Orb.
     0 | D:1      | Reached XP level 1. HP: 18/18 MP: 1/1
   118 | D:1      | Discovered your monstrous ancestry.
   118 | D:1      | Gained mutation: You have a pair of small horns on your
                  | head. [demonic ancestry]
   118 | D:1      | Reached XP level 2. HP: 23/24 MP: 2/2
   817 | D:1      | Gained mutation: You have a pair of horns on your head.
                  | [demonic ancestry]
   817 | D:1      | Reached XP level 3. HP: 29/29 MP: 3/3
  1418 | D:2      | Gained mutation: You have large cloven feet. [demonic
                  | ancestry]
  1418 | D:2      | Reached XP level 4. HP: 37/37 MP: 4/4
  2005 | D:2      | Found Venloing's Antique Weapon Boutique.
  2301 | D:3      | Reached XP level 5. HP: 25/42 MP: 5/5
  3445 | D:4      | Noticed Sigmund
  3486 | D:4      | Reached XP level 6. HP: 12/49 MP: 6/6
  3495 | D:4      | Slain by Sigmund

Illustrated notes

Levels and vault maps discovered:
D:1:      lightli_arrival_statuegarden, layout_basic
D:2:      layout_basic, serial_shops, nicolae_shop_stone, serial_forest,
          infiniplex_forest_lined_2, infiniplex_forest_straight_3,
          infiniplex_forest_clump_long, infiniplex_forest_straight_1,
          infiniplex_forest_clump_tiny, infiniplex_forest_lined_corner,
          infiniplex_forest_end_3, minivault_19, minmay_misc_feat_columns,
          minmay_goblin_outpost
D:3:      layout_loops_ring, elyvilon_altar_5, grunt_ministairs_8,
          chequers_big_river, roderic_lattice_a, kennysheep_generic_room_16
D:4:      layout_gridville, chequers_temple_overflow_minitemple,
          lightli_sewer_entry_pipes, serial_bayou_pond_a, minmay_vboxes,
          uniq_sigmund, uniq_menkaure, uniq_robin

Skill      XL: |  1  2  3  4  5 |
---------------+----------------+-----
Axes           | 3 4 |  4.1
Dodging        | 3 4 |  4.2
Fighting       | 4 |  4.6

Action                     |  1- 3 |  4- 6 || total
---------------------------+-------+-------++-------
  Melee: Hand axe          |   106 |   110 ||   216
         Headbutt          |    13 |    19 ||    32
         Kick              |       |    30 ||    30
    Use: Potion            |       |     6 ||     6
         Scroll            |       |     3 ||     3
 Armour: Robe              |    32 |    10 ||    42
         Skin              |       |    72 ||    72
         Ring mail         |       |    56 ||    56
  Dodge: Dodged            |    82 |   160 ||   242

Table legend: (Time is in decaauts)
 A = Elapsed time spent in this place.
 B = Non-inter-level travel time spent in this place.
 C = Inter-level travel time spent in this place.
 D = Time resting spent in this place.
 E = Time spent auto-exploring this place.
 F = Levels seen in this place.
 G = Mean time per level.
                   A        B        C        D        E       F      G
               +--------+--------+--------+--------+--------+-----+--------+
         Total |   3543 |   3209 |    334 |    100 |   2415 |   4 |  885.8 |
       Dungeon |   3543 |   3209 |    334 |    100 |   2415 |   4 |  885.8 |
               +--------+--------+--------+--------+--------+-----+--------+

Top non-repeatable levels by time:
     D:3: 1335 daAuts
     D:2: 1118 daAuts
     D:1: 1003 daAuts
     D:4: 85 daAuts
